 Dungeon Crawl Stone Soup version 0.20.1-1-g8b1a95d (webtiles) character file.

100 FollowTheCloud the Chopper (level 4, -9/39 HPs)
             Began as a Minotaur Gladiator on Aug 10, 2017.
             Was an Initiate of Okawaru.
             Mangled by Sigmund
             ... wielding a +5 scythe of protection
              (14 damage)
             ... on level 3 of the Dungeon.
             The game lasted 00:05:32 (1782 turns).

FollowTheCloud the Chopper (Minotaur Gladiator)     Turns: 1782, Time: 00:05:33

Health: -9/39      AC:  5    Str: 19    XL:     4   Next: 46%
Magic:  3/3        EV: 12    Int:  5    God:    Okawaru [......]
Gold:   83         SH:  0    Dex: 12    Spells: 3/3 levels left

rFire    . . .     SeeInvis .   a - +0 war axe
rCold    . . .     Gourm    .   (no shield)
rNeg     . . .     Faith    .   q - +0 ring mail
rPois    .         Spirit   .   c - +0 hat
rElec    .         Reflect  .   (no cloak)
rCorr    .         Harm     .   (no gloves)
MR       .....                  (no boots)
Stlth    +.........             (no amulet)
Regen    0.2/turn               (no ring)
MPRegen  0.1/turn               (no ring)

@: no status effects
A: retaliatory headbutt, horns 2
a: Renounce Religion


You were on level 3 of the Dungeon.
You worshipped Okawaru.
Okawaru was noncommittal.
You were hungry.

You visited 1 branch of the dungeon, and saw 3 of its levels.

You collected 83 gold pieces.

Inventory:

Hand Weapons
 a - a +0 war axe (weapon)
Missiles
 d - 3 throwing nets (quivered)
Armour
 c - a +0 hat (worn)
 q - a +0 ring mail (worn)
Jewellery
 p - an uncursed ring of protection from cold {unknown}
Scrolls
 h - a scroll of fear {unknown}
 k - a scroll of teleportation {unknown}
 n - 2 scrolls of remove curse {unknown}
 o - 2 scrolls of magic mapping {unknown}
Potions
 e - a potion of agility {unknown}
 g - a potion of lignification {unknown}
 i - a potion of flight {unknown}
 m - 2 potions of mutation {unknown}
Comestibles
 f - 4 bread rations
 j - 3 meat rations
 l - 2 royal jellies


   Skills:
 + Level 3.6 Fighting
 + Level 4.8 Axes
 - Level 2.0 Throwing
 + Level 2.8 Armour
 - Level 3.2 Dodging


You had 3 spell levels left.
You didn't know any spells.

Dungeon Overview and Level Annotations

Branches:
Dungeon (3/15)

Altars:
Okawaru
Qazlal

Annotations:
D:3 Grinder, Sigmund


Innate Abilities, Weirdness & Mutations

You reflexively headbutt those who attack you in melee.
You have a pair of horns on your head.


Message History

You headbutt Sigmund, but do no damage. You hit Sigmund but do no damage.
You hit Sigmund. Your headbutt misses Sigmund.
Sigmund is lightly wounded.
Sigmund closely misses you.
You hit Sigmund but do no damage.
Sigmund is lightly wounded.
Sigmund gestures at you while chanting. The puff of flame hits you!
Sigmund hits you with a scythe of protection!
You hit Sigmund.
Sigmund is moderately wounded.
You hit Sigmund.
Sigmund is moderately wounded.
Sigmund hits you with a scythe of protection!
* * * LOW HITPOINT WARNING * * *
You slash Sigmund!
Sigmund is severely wounded.
Sigmund hits you with a scythe of protection!
You die...

..# #.# ... ..#
#.## ...# #.#
#..# ..... #.#
##.# ..... #.#
#.# #..... #.#
#.# #..#.##.#
#.#
#.......######.#
####..@........#
##@########## #.
#. #. .. .. ..


You could see Sigmund.

Vanquished Creatures
  A gnoll (D:1)
  4 adders
  An ooze (D:2)
  2 leopard geckos (D:2)
  3 giant cockroaches (D:2)
  A goblin (D:2)
  9 hobgoblins
  A quokka (D:2)
  2 ball pythons (D:2)
  6 bats
  7 frilled lizards
  10 kobolds
  4 rats
51 creatures vanquished.

Notes
Turn   | Place    | Note
-------+----------+-------------------------------------------
     0 | D:1      | FollowTheCloud the Minotaur Gladiator began the quest for the Orb.
     0 | D:1      | Reached XP level 1. HP: 18/18 MP: 0/0
    71 | D:1      | Reached skill level 1 in Armour
    71 | D:1      | Reached XP level 2. HP: 6/25 MP: 1/1
   323 | D:1      | Found an iron altar of Okawaru.
   335 | D:1      | Reached skill level 4 in Axes
   581 | D:1      | Reached XP level 3. HP: 20/30 MP: 2/2
   946 | D:1      | Became a worshipper of Warmaster Okawaru
  1001 | D:2      | Found a faded altar of an unknown god.
  1337 | D:2      | Reached XP level 4. HP: 38/38 MP: 3/3
  1395 | D:2      | Found a stormy altar of Qazlal.
  1622 | D:3      | Noticed Grinder
  1687 | D:3      | Paralysed by Grinder for 4 turns
  1769 | D:3      | Noticed Sigmund
  1782 | D:3      | Mangled by Sigmund

Skill      XL: |  1  2  3 |
---------------+----------+-----
Armour         | 1 2 |  2.8
Axes           | 4 |  4.8
Fighting       | 3 |  3.6
Throwing       | |  2.0
Dodging        | |  3.2

Action                   |  1- 3 |  4- 6 || total
-------------------------+-------+-------++-------
Melee: War axe           |    63 |    24 ||    87
       Headbutt          |     6 |     4 ||    10
  Eat: Chunk             |     1 |     1 ||     2
Armor: Leather armour    |    12 |       ||    12
       Ring mail         |     5 |    11 ||    16
Dodge: Dodged            |    50 |    17 ||    67
